 Dungeon Crawl Stone Soup version 0.30-a0-782-ge64f9170bb (webtiles) character file.

Game seed: 2094329880719925579

320 Leeroy the Insei (level 6, -10/57 HPs)
             Began as an Octopode Transmuter on Feb 22, 2023.
             Killed by divine providence
             ... invoked by an orc priest
              (14 damage)
             ... on level 3 of the Dungeon.
             The game lasted 00:02:07 (2337 turns).

Leeroy the Insei (Octopode Transmuter)              Turns: 2337, Time: 00:02:07

Health: -10/57     AC: 23    Str:  9    XL:     6   Next: 46%
Magic:  7/9        EV:  2    Int: 18    God:
Gold:   86         SH:  0    Dex: 12    Spells: 5/9 levels left

rFire   . . .      SeeInvis .      - Unarmed
rCold   . . .      Faith    .    (no shield)
rNeg    . . .      Spirit   .    (helmet currently unavailable)
rPois   +          Reflect  .    (no amulet)
rElec   .          Harm     .    (no ring)
rCorr   .          Rampage  .    (no ring)
Will    .....      NoTele   +    (no ring)
Stlth   +                        (no ring)
HPRegen 0.29/turn                (no ring)
MPRegen 0.11/turn                (no ring)
                                 (no ring)
                                 (no ring)

@: tree-form
A: stationary, stasis, torment immunity, boosted hp, almost no armour,
(amphibious), 8 rings, (camouflage 1), (gelatinous body 1), (nimble swimmer 1),
(tentacles)
a: no special abilities


You were on level 3 of the Dungeon.
You were a tree.
You visited 1 branch of the dungeon, and saw 3 of its levels.

You collected 86 gold pieces.

Inventory:

Hand Weapons
 b - a +2 short sword of venom
Scrolls
 e - a scroll of noise {unknown}
 f - 3 scrolls of identify {unknown}
 h - a scroll of teleportation {unknown}
 j - a scroll of poison {unknown}
Potions
 a - a potion of lignification
 c - a potion of curing {unknown}
 d - a potion of heal wounds {unknown}
 g - a potion of brilliance {unknown}
 i - a potion of flight {unknown}
 k - a potion of attraction {unknown}


   Skills:
 - Level 1.0 Fighting
 - Level 2.0 Dodging
 + Level 7.1 Unarmed Combat
 - Level 2.0 Spellcasting
 - Level 2.0 Transmutations


You had 5 spell levels left.
You knew the following spells:

 Your Spells              Type           Power      Damage    Failure   Level
a - Beastly Appendage     Tmut           18%        N/A       8%          1
b - Spider Form           Tmut/Pois      5%         N/A       34%         3

Your spell library contained the following spells:

 Spells                   Type           Power      Damage    Failure   Level
 Wereblood                Tmut           9%         N/A       12%         2
 Apportation              Tloc           2%         N/A       19%         1
 Necrotise                Necr           4%         1d4       19%         1
 Summon Small Mammal      Summ           4%         N/A       19%         1
 Summon Guardian Golem    Hex/Summ       1%         N/A       47%         3
 Tukima's Dance           Hex            1%         N/A       47%         3
 Ice Form                 Ice/Tmut       5%         N/A       75%         4
 Animate Armour           Summ/Erth      Unusable   N/A       N/A         4

Dungeon Overview and Level Annotations

Branches:
Dungeon (3/15)

Altars:


Innate Abilities, Weirdness & Mutations

You are a tree.
Your roots penetrate the ground, keeping you stationary.
You cannot be teleported.
You are immune to unholy pain and torment.
Your maximum health is greatly increased.
You cannot wear most types of armour.
((You are amphibious.))
You can wear up to eight rings at the same time.
((Your skin changes colour to match your surroundings (Stealth+).))
((Your rubbery body absorbs attacks. (AC +1, EV +1)))
((You are camouflaged when in or above water. (Stealth+)))
((You have tentacles for arms and can constrict up to eight enemies at once.))


Message History

You feel sick.
You hit the endoplasm.
You kill the endoplasm!
You feel sick.
Your magical contamination has completely faded away.
You barely miss the orc priest.
You feel sick.
The orc priest hits you but does no damage.
You hit the orc priest.
The orc priest is poisoned.
The orc priest is lightly wounded.
You feel sick.
The orc priest hits you but does no damage.
You hit the orc priest.
The orc priest is moderately wounded.
You feel sick.
You are no longer poisoned.
The orc priest hits you but does no damage.
The orc priest looks satisfied for a moment.
Your +2 short sword of venom stops dripping with poison.
You are now empty-handed.
You smack the orc priest!
The orc priest is almost dead.
The orc priest hits you with a +0 hand axe.
* * * LOW HITPOINT WARNING * * *
The orc priest calls upon Beogh to heal the orc priest.
The orc priest is healed somewhat.
You hit the orc priest but do no damage.
The orc priest is heavily wounded.
The orc priest hits you but does no damage.
You barely miss the orc priest.
The orc priest is severely wounded.
You smack the orc priest!
You kill the orc priest!
Your Unarmed Combat skill increases to level 7!
You smack the endoplasm!
You kill the endoplasm!
You smack the orc priest!
The orc priest is heavily wounded.
The orc priest invokes the aid of Beogh against you.
Beogh smites you!
You die...

#............# #.#
#............# #.#
#.........$..# ##.#
#............# #..#
#............# #.##
#...........# #.#
##...........# #.#
........#w#########.#
#.......#Jo♣..#.....#
....###..####.#..#.##.#
... #..####..†......# .
#.........>.###.#
#..######.### # #..#
#.# #... ... ##.# ##.##
..# #.#


You could see an orc priest, a dart slug and an endoplasm.

Vanquished Creatures
  Sigmund (D:3)
  A scorpion (D:3)
  An orc priest (D:3)
  An adder (D:2)
  A worm (D:2)
  A dart slug (D:1)
  4 ball pythons (D:1)
  4 endoplasms
  A giant cockroach (D:2)
  7 goblins
  9 hobgoblins
  4 jackals (D:3)
  11 kobolds
  5 quokkas
  5 bats
  4 frilled lizards
  6 rats
66 creatures vanquished.

Vanquished Creatures (others)
  2 plants (D:3)
2 creatures vanquished.

Grand Total: 68 creatures vanquished

Notes
Turn   | Place    | Note
-------+----------+-------------------------------------------
     0 | D:1      | Leeroy the Octopode Transmuter began the quest for the Orb.
     0 | D:1      | Reached XP level 1. HP: 13/13 MP: 3/3
    49 | D:1      | Got the Secrets of Fey Detritus
   181 | D:1      | Reached XP level 2. HP: 18/18 MP: 5/5
   492 | D:1      | Reached skill level 4 in Unarmed Combat
   523 | D:1      | Reached XP level 3. HP: 21/23 MP: 6/6
  1022 | D:2      | Found a faded altar of an unknown god.
  1546 | D:3      | Noticed Sigmund
  1560 | D:2      | Reached XP level 4. HP: 15/28 MP: 7/7
  1716 | D:2      | Learned a level 3 spell: Spider Form
  1740 | D:3      | Killed Sigmund
  1741 | D:3      | Reached skill level 6 in Unarmed Combat
  1741 | D:3      | Reached XP level 5. HP: 7/33 MP: 3/8
  2178 | D:3      | Reached XP level 6. HP: 36/38 MP: 9/9
  2332 | D:3      | HP: 2/57 [orc priest/+0 hand axe (2)]
  2336 | D:3      | Reached skill level 7 in Unarmed Combat
  2337 | D:3      | Killed from afar by an orc priest

Illustrated notes

Levels and vault maps discovered:
D:1:      grunt_arrival_crossed_arrows, layout_loops_ring
D:2:      layout_basic, basic_ecumenical_altar, corexii_leaking_fountain
D:3:      layout_basic, lexackson_kobold_supper, uniq_sigmund

Skill      XL: |  1  2  3  4  5  6 |
---------------+-------------------+-----
Unarmed Combat | 4 6 7 |  7.1
Fighting       | |  1.0
Dodging        | |  2.0
Spellcasting   | |  2.0
Transmutations | |  2.0

Action                     |  1- 3 |  4- 6 || total
---------------------------+-------+-------++-------
  Melee: Short sword       |    82 |    42 ||   124
         Constrict         |    26 |     9 ||    35
         Tentacles         |    21 |     7 ||    28
         Punch             |     3 |     1 ||     4
         Unarmed           |       |    10 ||    10
   Cast: Spider Form       |       |     2 ||     2
    Use: Potion            |       |     1 ||     1
   Stab: Sleeping          |     4 |     1 ||     5
 Armour: Skin              |     7 |     5 ||    12
  Dodge: Dodged            |    51 |    34 ||    85

Table legend: (Time is in decaauts)
 A = Elapsed time spent in this place.
 B = Non-inter-level travel time spent in this place.
 C = Inter-level travel time spent in this place.
 D = Time resting spent in this place.
 E = Time spent auto-exploring this place.
 F = Levels seen in this place.
 G = Mean time per level.
                   A        B        C        D        E       F      G
               +--------+--------+--------+--------+--------+-----+--------+
         Total |   2335 |   2294 |     41 |    359 |   1550 |   3 |  778.3 |
       Dungeon |   2335 |   2294 |     41 |    359 |   1550 |   3 |  778.3 |
               +--------+--------+--------+--------+--------+-----+--------+

Top non-repeatable levels by time:
     D:1: 908 daAuts
     D:2: 819 daAuts
     D:3: 607 daAuts
